 Dungeon Crawl Stone Soup version 0.30-a0-737-gf23d94013f (webtiles) character file.

Game seed: 4325107337631287538

21 retardedninja the Trooper (level 2, 0/19 HPs)
             Began as a Gargoyle Fighter on Feb 1, 2023.
             Frozen to death by an endoplasm (2 damage)
             ... on level 1 of the Dungeon.
             The game lasted 00:00:40 (592 turns).

retardedninja the Trooper (Gargoyle Fighter)         Turns: 592, Time: 00:00:40

Health: 0/19       AC:  9    Str: 19    XL:     2   Next: 83%
Magic:  2/2        EV:  6    Int:  8    God:
Gold:   35         SH:  4    Dex:  9    Spells: 1/1 levels left

rFire   . . .      SeeInvis .    a - +0 flail
rCold   . . .      Faith    .    c - +0 buckler
rNeg    + . .      Spirit   .    b - +0 scale mail
rPois   ∞          Reflect  .    (no helmet)
rElec   +          Harm     .    (no cloak)
rCorr   .          Rampage  .    (no gloves)
Will    .....                    (no boots) Stlth
                                 (no amulet)
HPRegen 0.23/turn                (no ring)
MPRegen 0.08/turn                (no ring)

@: brilliant, constricted
A: sickness immunity, AC +2, negative energy resistance 1, electricity
resistance, torment resistance 1, petrification resistance
a: no special abilities


You were on level 1 of the Dungeon.
You visited 1 branch of the dungeon, and saw 1 of its levels.

You collected 35 gold pieces.

Inventory:

Hand Weapons
 a - a +0 flail (weapon)
Armour
 b - a +0 scale mail (worn)
 c - a +0 buckler (worn)
Scrolls
 e - a scroll of fog {unknown}
 f - a scroll of teleportation {unknown}
 h - a scroll of butterflies {unknown}
Potions
 d - a potion of might


   Skills:
 + Level 3.6 Fighting
 + Level 2.3 Maces & Flails
 + Level 3.6 Armour
 + Level 3.5 Shields


You had one spell level left.
You didn't know any spells.
Your spell library was empty.

Dungeon Overview and Level Annotations

Branches:
Dungeon (1/15)

Altars:


Innate Abilities, Weirdness & Mutations

You are immune to sickness and miasma.
Your stone body is resilient. (AC +2)
You are immune to poison.
You resist negative energy. (rN+)
You are resistant to electric shocks. (rElec)
You are resistant to unholy torment.
You are immune to petrification.


Message History

The endoplasm jiggles.
The endoplasm freezes you.
You are frozen.
The ball python barely misses you. The ball python constricts you.
You are too injured to fight recklessly!
You are too injured to fight recklessly!
You are too injured to fight recklessly!
You are too injured to fight recklessly!
You are too injured to fight recklessly!
You are too injured to fight recklessly!
You are too injured to fight recklessly!
You are too injured to fight recklessly!
You are too injured to fight recklessly!
You are too injured to fight recklessly!
You are too injured to fight recklessly!
You are too injured to fight recklessly!
You are too injured to fight recklessly!
You hit the endoplasm but do no damage. The hobgoblin hits you.
The endoplasm freezes you.
You are frozen.
* * * LOW HITPOINT WARNING * * *
The ball python bites you but does no damage.
The ball python constricts you.
* * * LOW HITPOINT WARNING * * *
The endoplasm hits you but does no damage.
The hobgoblin hits you but does no damage.
You hit the endoplasm.
The endoplasm is heavily wounded.
The ball python bites you but does no damage.
The ball python constricts you. You block the ball python's attack.
The ball python constricts you. You block the hobgoblin's attack.
The endoplasm hits you but does no damage.
Okay, then.
It was a potion of brilliance.
You feel clever all of a sudden.
The ball python bites you but does no damage.
The ball python constricts you. The hobgoblin completely misses you.
The endoplasm freezes you.
You are frozen.
You die...

..# #. #.# ### #... ....
#.# #)# #.# #### #..## #
#.# #.# #.# .## #. #.#
#.# #.# # ##. #.# #.#
#.# ###... #.###.###.##
......##..........#####.
...?..S...##..###.......
.....gJ@..###.......####
......#g.##...#####.#...
............#.# #.....
#####.##.####.# #.....
... #.# #.# #..... ...
... #.# #..... ..## ##.
#..... ## .. .####...).
........÷.


You could see an endoplasm, 2 hobgoblins and a ball python.

Vanquished Creatures
  A ball python (D:1)
  An endoplasm (D:1)
  3 hobgoblins (D:1)
  A quokka (D:1)
  A bat (D:1)
  3 frilled lizards (D:1)
  4 goblins (D:1)
  4 kobolds (D:1)
  A rat (D:1)
19 creatures vanquished.

Notes
Turn   | Place    | Note
-------+----------+-------------------------------------------
     0 | D:1      | retardedninja the Gargoyle Fighter began the quest for the
                  | Orb.
     0 | D:1      | Reached XP level 1. HP: 14/14 MP: 1/1
   187 | D:1      | Reached XP level 2. HP: 15/19 MP: 2/2
   592 | D:1      | Frozen to death by an endoplasm

Illustrated notes

Levels and vault maps discovered:
D:1:      dpeg_arrival_arbitrary_b, layout_rooms

Action                     || total
---------------------------++-------
  Melee: Flail             ||    84
    Use: Potion            ||     1
 Armour: Scale mail        ||    90
  Dodge: Dodged            ||    66
  Block: Buckler           ||    32

Table legend: (Time is in decaauts)
 A = Elapsed time spent in this place.
 B = Non-inter-level travel time spent in this place.
 C = Inter-level travel time spent in this place.
 D = Time resting spent in this place.
 E = Time spent auto-exploring this place.
 F = Levels seen in this place.
 G = Mean time per level.
                   A        B        C        D        E       F      G
               +--------+--------+--------+--------+--------+-----+--------+
         Total |    620 |    620 |      0 |    297 |    163 |   1 |  620.0 |
       Dungeon |    620 |    620 |      0 |    297 |    163 |   1 |  620.0 |
               +--------+--------+--------+--------+--------+-----+--------+

Top non-repeatable levels by time:
     D:1: 620 daAuts
